 Dungeon Crawl Stone Soup version 0.31-a0-636-ge1c0e020e0 (webtiles) character file.

Game seed: 17355814018772724923

1120 MegasTu the Frost Mage (level 8, -3/41 HPs)
             Began as a Gargoyle Ice Elementalist on Aug 26, 2023.
             Slain by a wight
             ... wielding a +0 morningstar
              (5 damage)
             ... on level 6 of the Dungeon.
             The game lasted 00:19:02 (4970 turns).

MegasTu the Frost Mage (Gargoyle Ice Elementalist)  Turns: 4970, Time: 00:19:02

Health: -3/41      AC: 14    Str: 11    XL:     8   Next: 34%
Magic:  11/16      EV: 11    Int: 19    God:
Gold:   330        SH:  0    Dex: 10    Spells: 6/17 levels left

rFire   . . .        i - +2 dagger (protect)
rCold   . . .        (no shield)
rNeg    + . .        (no body armour)
rPois   ∞            o - +0 helmet
rElec   +            (no cloak)
rCorr   .            (no gloves)
SInv    .            R - +0 pair of boots
Will    .....        x - amulet of the acrobat
Stlth   ++           (no ring)
HPRegen 0.26/turn    (no ring)
MPRegen 0.15/turn

%: acrobat
@: under a protective aura
A: sickness immunity, AC +5, negative energy resistance 1, electricity
resistance, torment resistance 1, petrification resistance
a: no special abilities


You were on level 6 of the Dungeon.
You visited 1 branch of the dungeon, and saw 6 of its levels.

You collected 330 gold pieces.

Inventory:

Hand Weapons
 e - a +0 trident
 g - a +0 short sword
 i - a +2 dagger of protection (weapon)
 q - a +2 dagger of venom
 N - a +0 giant club
 Q - a +5 spear
Missiles
 w - 16 poisoned darts (quivered)
 B - 4 silver javelins
 H - 3 datura-tipped darts
Armour
 a - a +0 robe
 d - a +0 pair of boots
 f - a +0 ring mail
 n - a +0 animal skin
 o - a +0 helmet (worn)
 C - a +0 chain mail
 D - a +0 leather armour
 P - a +0 chain mail
 R - a +0 pair of boots (worn)
Magical Staves
 c - a staff of conjuration
 y - a staff of air
Jewellery
 x - an amulet of the acrobat (around neck)
 G - a ring of flight
Talismans
 p - a flux talisman
 K - a blade talisman
 O - a blade talisman
Scrolls
 h - 10 scrolls of identify {unknown}
 j - 5 scrolls of amnesia {unknown}
 k - 6 scrolls of teleportation
 l - a scroll of summoning {unknown}
 r - 2 scrolls of immolation {unknown}
 s - a scroll of blinking {unknown}
 t - a scroll of fog {unknown}
 v - 2 scrolls of poison {unknown}
 z - a scroll of brand weapon {unknown}
 M - a scroll of vulnerability {unknown}
Potions
 b - a potion of magic
 m - 4 potions of lignification {unknown}
 u - 3 potions of brilliance {unknown}
 A - a potion of might {unknown}
 E - a potion of mutation {unknown}
 F - a potion of cancellation {unknown}
 I - a potion of resistance {unknown}
 J - a potion of curing
 L - a potion of berserk rage {unknown}


   Skills:
 - Level 1.5 Dodging
 - Level 2.1 Stealth
 * Level 5.3 Spellcasting
 + Level 8.9 Ice Magic


You had 6 spell levels left.
You knew the following spells:

 Your Spells              Type           Power      Damage    Failure   Level
a - Freeze                Ice            100%       1d10      1%          1
b - Frozen Ramparts       Ice            78%        1d12      1%          3
c - Ozocubu's Armour      Ice            39%        N/A       1%          3
d - Summon Ice Beast      Ice/Summ       22%        N/A       19%         4

Your spell library contained the following spells:

 Spells                   Type           Power      Damage    Failure   Level
 Kiss of Death            Conj/Necr      20%        2d7       12%         1
 Confusing Touch          Hex            5%         N/A       34%         3
 Vhi's Electric Charge    Tloc/Air       10%        N/A       34%         3
 Dispel Undead            Necr           5%         3d7       75%         4
 Arcjolt                  Conj/Air       2%         1d12      97%         5
 Plasma Beam              Fire/Air       2%         2x1d12    100%        6


Dungeon Overview and Level Annotations

Branches:
Dungeon (6/15)
 Temple: D:4-7

Altars:
Cheibriados
Uskayaw

Shops:
D:4 *


Innate Abilities, Weirdness & Mutations

You are immune to sickness and miasma.
Your stone body is resilient. (AC +5)
You are immune to poison.
You resist negative energy. (rN+)
You are resistant to electric shocks. (rElec)
You are resistant to unholy torment.
You are immune to petrification.


Message History

The wight completely resists.
The wall freezes the wight but does no damage.
The wight closely misses you.
You hit the wight.
The wight is heavily damaged.
The wall freezes the steam dragon.
The wight resists.
The wall freezes the wight.
The wight closely misses you.
You hit the wight.
The wight is severely damaged.
The frozen ramparts melt away.
The wight closely misses you.
You hit the wight but do no damage.
The wight is severely damaged.
The steam dragon breathes steam at you. The ball of steam hits you!
The wight misses you. The heat melts your icy armour.
You hit the wight but do no damage.
The wight is severely damaged.
You are engulfed in a cloud of scalding steam.
The steam dragon bites you. The steam dragon closely misses you.
The wight closely misses you. The heat melts your icy armour.
You completely miss the wight.
The wight is severely damaged.
The steam dragon bites you but does no damage.
The steam dragon claws you but does no damage.
The wight closely misses you.
You closely miss the wight.
The wight is severely damaged.
The steam dragon closely misses you.
The steam dragon claws you but does no damage.
The wight hits you but does no damage.
You closely miss the wight.
The wight is severely damaged.
The steam dragon breathes steam at you. The ball of steam hits you!!
Your icy armour melts away.
Ouch! That really hurt!
* * * LOW HITPOINT WARNING * * *
The wight hits you with a +0 morningstar.
You die...

..(. ... ..### ..
#...§..###
.D..#...#....##
....#...#.§...#
..........§...#
......$.##§..#
........##@###
#........#zD.#
#.. #........#
#...##...#..##
.............###
#.......##.....#
...............#
.##....#.......##
....).###.......#


You could see a steam dragon (catching breath) and a wight.

Vanquished Creatures
  Sigmund (D:2)
  An ogre (D:5)
  A black bear (D:5)
  2 phantoms
  A centaur (D:6)
  A scorpion (D:5)
  A wight (D:5)
  A howler monkey (D:6)
  A jelly (D:4)
  An orc priest (D:3)
  3 iguanas
  2 sleepcaps
  Terence (D:2)
  An orc wizard (D:3)
  A mummy (D:4)
  Robin (D:2)
  A gnoll (D:5)
  7 adders
  2 worms
  2 dart slugs (D:1)
  11 orcs
  A bat (D:3)
  3 endoplasms (D:1)
  4 giant cockroaches
  14 goblins
  5 hobgoblins
  4 jackals
  9 kobolds
  2 quokkas
  4 ball pythons (D:3)
  3 frilled lizards
  A hobgoblin zombie (D:4)
  A kobold zombie (D:4)
  2 orc zombies (D:4)
  4 rats (D:1)
100 creatures vanquished.

Notes
Turn   | Place    | Note
-------+----------+-------------------------------------------
     0 | D:1      | MegasTu the Gargoyle Ice Elementalist began the quest for
                  | the Orb.
     0 | D:1      | Reached XP level 1. HP: 10/10 MP: 3/3
   150 | D:1      | Reached XP level 2. HP: 5/15 MP: 1/5
   698 | D:1      | Reached XP level 3. HP: 12/19 MP: 1/6
   832 | D:1      | Learned a level 3 spell: Frozen Ramparts
   872 | D:2      | Noticed Sigmund
   977 | D:2      | Noticed Robin
   983 | D:2      | Reached skill level 5 in Ice Magic
   999 | D:2      | Killed Robin
  1012 | D:2      | Noticed Terence
  1104 | D:2      | Killed Terence
  1105 | D:2      | Reached XP level 4. HP: 22/24 MP: 4/7
  1342 | D:2      | Learned a level 3 spell: Ozocubu's Armour
  2041 | D:3      | Reached skill level 6 in Ice Magic
  2322 | D:3      | Reached XP level 5. HP: 9/28 MP: 1/8
  2457 | D:2      | Killed Sigmund
  2458 | D:2      | Reached skill level 7 in Ice Magic
  2458 | D:2      | Reached XP level 6. HP: 30/32 MP: 3/9
  2971 | D:4      | Found Bymoar's General Store.
  2977 | D:4      | Found Resoto's Specific Store.
  3015 | D:4      | Reached skill level 8 in Ice Magic
  3187 | D:4      | Reached XP level 7. HP: 8/36 MP: 10/10
  3736 | D:5      | Entered Level 5 of the Dungeon
  3754 | D:5      | Found a snail-covered altar of Cheibriados.
  3754 | D:5      | Found a hide-covered altar of Uskayaw.
  3894 | D:5      | Learned a level 4 spell: Summon Ice Beast
  4563 | D:5      | Reached XP level 8. HP: 5/41 MP: 10/14
  4960 | D:6      | Reached skill level 5 in Spellcasting
  4970 | D:6      | HP: 2/41 [steam dragon/ball of steam (22)]
  4970 | D:6      | Slain by a wight

Illustrated notes

Levels and vault maps discovered:
D:1:      co_arrival_square_in_a_square_in_a_square, layout_loops_ring
D:2:      layout_basic, st_stairs_13, minmay_misc_feat_chi, uniq_robin,
          uniq_terence, uniq_sigmund
D:3:      layout_basic, grunt_ministairs_1
D:4:      layout_rooms, nicolae_specific_store, minmay_misc_feat_columns,
          minmay_mini_ossuary
D:5:      layout_rooms, mainiacjoe_overflow_divided_tiny, serial_park_tiny_1
D:6:      layout_cave_pools

Skill      XL: |  1  2  3  4  5  6  7  8 |
---------------+-------------------------+-----
Ice Magic      | 5 6 7 8 |  8.9
Spellcasting   | 4 5 |  5.3
Dodging        | |  1.5
Stealth        | |  2.1

Action                     |  1- 3 |  4- 6 |  7- 9 || total
---------------------------+-------+-------+-------++-------
  Melee: Short sword       |    64 |       |       ||    64
         Dagger            |    31 |    95 |   227 ||   353
         Punch             |     1 |       |     3 ||     4
         Unarmed           |       |    12 |       ||    12
         Spear             |       |       |    22 ||    22
  Throw: Dart              |       |     7 |       ||     7
   Cast: Freeze            |    16 |     3 |    11 ||    30
         Frozen Ramparts   |     4 |     8 |     3 ||    15
         Ozocubu's Armour  |       |     2 |     4 ||     6
Ability: Begin Untransform |       |     1 |     1 ||     2
    Use: Potion            |     1 |     1 |       ||     2
         Scroll            |       |     1 |       ||     1
   Stab: Sleeping          |       |     2 |     1 ||     3
 Armour: Robe              |    25 |     4 |       ||    29
         Skin              |       |    32 |   112 ||   144
  Dodge: Dodged            |    62 |   111 |   133 ||   306
   Form: Blade             |       |     1 |       ||     1
         Flux              |       |     1 |       ||     1

Table legend: (Time is in decaauts)
 A = Elapsed time spent in this place.
 B = Non-inter-level travel time spent in this place.
 C = Inter-level travel time spent in this place.
 D = Time resting spent in this place.
 E = Time spent auto-exploring this place.
 F = Levels seen in this place.
 G = Mean time per level.
                   A        B        C        D        E       F      G
               +--------+--------+--------+--------+--------+-----+--------+
         Total |   4973 |   4728 |    245 |    598 |   2649 |   6 |  828.8 |
       Dungeon |   4973 |   4728 |    245 |    598 |   2649 |   6 |  828.8 |
               +--------+--------+--------+--------+--------+-----+--------+

Top non-repeatable levels by time:
     D:5: 1186 daAuts
     D:3: 984 daAuts
     D:1: 982 daAuts
     D:4: 968 daAuts
     D:2: 801 daAuts
     D:6: 49 daAuts
